 Dungeon Crawl Stone Soup version 0.28-a0-297-g99b01970c5 (webtiles) character file.

Game seed: 15753904855848625668

115 vlrgcs the Digger (level 5, -3/28 HPs)
             Began as a Gargoyle Earth Elementalist on Aug 29, 2021.
             Slain by a gnoll shaman (4 damage)
             ... on level 4 of the Dungeon.
             The game lasted 00:05:04 (2484 turns).

vlrgcs the Digger (Gargoyle Earth Elementalist)     Turns: 2484, Time: 00:05:05

Health: -3/28      AC:  6    Str: 11    XL:     5   Next: 0%
Magic:  9/9        EV: 11    Int: 17    God:
Gold:   44         SH:  0    Dex: 10    Spells: 6/10 levels left

rFire   . . .      SeeInvis .   e - +0 trident (freeze)
rCold   + . .      Faith    .   (no shield)
rNeg    + . .      Spirit   .   b - +0 robe
rPois   ∞          Reflect  .   (no helmet)
rElec   +          Harm     .   (no cloak)
rCorr   .          Rampage  .   (no gloves)
Will    +....                   (no boots)
Stlth   ++........              (no amulet)
HPRegen 0.09/turn               f - ring of protection from cold
MPRegen 0.11/turn               (no ring)

@: no status effects
A: sickness immunity, AC +4, negative energy resistance 1, electricity
resistance, torment resistance 1, petrification resistance, deterioration 1,
strong-willed 1
a: no special abilities


You were on level 4 of the Dungeon.
You visited 1 branch of the dungeon, and saw 4 of its levels.

You collected 44 gold pieces.

Inventory:

Hand Weapons
 a - a +0 dagger
 e - a +0 trident of freezing (weapon)
Missiles
 c - 89 stones
Armour
 b - a +0 robe (worn)
Jewellery
 f - a ring of protection from cold (left hand)
Potions
 g - 4 potions of lignification
 h - a potion of attraction {unknown}
 i - a potion of resistance {unknown}
 k - 2 potions of mutation


   Skills:
 - Level 1.5 Dodging
 - Level 2.1 Stealth
 + Level 3.2 Spellcasting
 + Level 2.0 Conjurations
 - Level 0.7 Transmutations
 + Level 5.0 Earth Magic


You had 6 spell levels left.
You knew the following spells:

 Your Spells              Type           Power      Damage    Failure   Level
a - Sandblast             Erth           38%        2d10      2%          1
b - Stone Arrow           Conj/Erth      28%        3d8       12%         3

Your spell library contained the following spells:

 Spells                   Type           Power      Damage    Failure   Level
 Passwall                 Tmut/Erth      10%        N/A       8%          2
 Conjure Flame            Conj/Fire      6%         6-21      34%         3
 Dazzling Flash           Conj/Hex       12%        N/A       34%         3
 Ignite Poison            Fire/Tmut/Pois 3%         N/A       43%         3
 Petrify                  Tmut/Erth      12%        N/A       45%         4
 Sticky Flame             Conj/Fire      6%         2d3       75%         4
 Agony                    Necr           2%         N/A       99%         5
 Silence                  Hex/Air        1%         N/A       99%         5


Dungeon Overview and Level Annotations

Branches:
Dungeon (4/15)
 Temple: D:4-7

Altars:
Uskayaw

Shops:
D:4 :


Innate Abilities, Weirdness & Mutations

You are immune to sickness and miasma.
Your stone body is resilient. (AC +4)
You are immune to poison.
You resist negative energy. (rN+)
You are resistant to electric shocks. (rElec)
You are resistant to unholy torment.
You are immune to petrification.
Your body sometimes deteriorates upon taking damage.
You are strong-willed. (Will+)


Message History

You barely miss the hound.
The hound is heavily wounded.
The hound bites you but does no damage.
You puncture the hound! You freeze the hound.
You kill the hound!
Your Conjurations skill increases to level 2!
Your Earth Magic skill increases to level 5!
You closely miss the quokka.
The quokka bites you but does no damage.
The quokka bites you.
You hit the quokka. You freeze the quokka.
You kill the quokka!
You have reached level 5!
You closely miss the gnoll shaman.
The gnoll shaman hits you with a +0 club!
* * * LOW HITPOINT WARNING * * *
The gnoll shaman barely misses you.
Unknown command.
You barely miss the gnoll shaman.
The gnoll shaman hits you with a +0 club.
* * * LOW HITPOINT WARNING * * *
Unknown command.
You puncture the gnoll shaman! You freeze the gnoll shaman.
The gnoll shaman is almost dead.
The gnoll shaman calls upon its god to speed up the gnoll.
The gnoll seems to speed up.
Unknown command.
Unknown command.
It was a potion of mutation.
You feel extremely strange.
You feel yourself wasting away.
You feel frail.
You feel robust.
You feel strong-willed.
The gnoll shaman calls down the wrath of its god upon you.
You resist with almost no effort.
Unknown command.
It was a potion of cancellation.
Your magical effects are unravelling.
You feel magically purged.
You feel a little less mighty now.
The gnoll shaman hits you with a +0 club.
You die...

....... ..g.S.
###..gg. #.......##
#.#......# #.#......#
#.....#..# .
##≈≈.≈≈#..########...#
###≈≈≈.≈≈≈..gggg@...#
...≈≈⌠.⌠≈≈..S#####..#
#....∩....#.### .#
##.≈≈⌠.⌠≈≈#.....# ..
...≈≈≈.≈≈≈#..##.# ##
#..#≈≈.≈≈.#..##...
................ ..
....####.#####.. #
###.####.#### ..


You could see a gnoll shaman, 3 gnolls and a ball python.

Vanquished Creatures
  A hound (D:4)
  A hound skeleton (D:4)
  2 adders
  A worm (D:2)
  2 orcs
  5 bats
  3 giant cockroaches
  6 goblins
  4 hobgoblins
  2 jackals (D:3)
  5 kobolds
  3 quokkas
  5 ball pythons
  4 frilled lizards
  3 rats
47 creatures vanquished.

Notes
Turn   | Place    | Note
-------+----------+-------------------------------------------
     0 | D:1      | vlrgcs the Gargoyle Earth Elementalist began the quest for
                  | the Orb.
     0 | D:1      | Reached XP level 1. HP: 10/10 MP: 3/3
   271 | D:1      | Reached XP level 2. HP: 15/15 MP: 5/5
   337 | D:1      | Reached skill level 4 in Earth Magic
  1351 | D:2      | Reached XP level 3. HP: 19/19 MP: 6/6
  1355 | D:2      | Learned a level 3 spell: Stone Arrow
  1865 | D:2      | Reached skill level 1 in Conjurations
  2028 | D:3      | Reached XP level 4. HP: 19/24 MP: 8/8
  2253 | D:3      | Found a hide-covered altar of Uskayaw.
  2423 | D:4      | Found Ruev's Self-Improvement Boutique.
  2478 | D:4      | Reached skill level 5 in Earth Magic
  2480 | D:4      | Reached XP level 5. HP: 11/28 MP: 9/9
  2481 | D:4      | HP: 1/28 [gnoll shaman (3)]
  2483 | D:4      | Gained mutation: Your body sometimes deteriorates upon
                  | taking damage. [potion of mutation]
  2483 | D:4      | Gained mutation: You are frail. (-10% HP) [potion of
                  | mutation]
  2483 | D:4      | Lost mutation: You are frail. (-10% HP) [potion of
                  | mutation]
  2483 | D:4      | Gained mutation: You are strong-willed. (Will+) [potion of
                  | mutation]
  2484 | D:4      | Slain by a gnoll shaman

Illustrated notes

Levels and vault maps discovered:
D:1:      dpeg_arrival_round_b, layout_basic, grunt_decor_one_mirror
D:2:      layout_loops_ring
D:3:      layout_rooms, old_standard_altar
D:4:      layout_loops_cross, mainiacjoe_overflow_concentric_impassable,
          hangedman_ru_absence, nicolae_shop_self_help

Skill      XL: |  1  2  3  4 |
---------------+-------------+-----
Earth Magic    | 4 5 |  5.0
Conjurations   | 1 2 |  2.0
Spellcasting   | 3 |  3.2
Dodging        | |  1.5
Stealth        | |  2.1
Transmutations | |  0.7

Action                   |  1- 3 |  4- 6 || total
-------------------------+-------+-------++-------
Melee: Dagger            |    39 |       ||    39
       Trident           |    62 |    58 ||   120
 Cast: Sandblast         |     3 |       ||     3
  Use: Scroll            |     5 |       ||     5
       Potion            |       |     3 ||     3
 Stab: Sleeping          |     5 |       ||     5
       Distracted        |     1 |       ||     1
Armor: Robe              |    23 |    28 ||    51
Dodge: Dodged            |    41 |    40 ||    81

Table legend: (Time is in decaauts)
 A = Elapsed time spent in this place.
 B = Non-inter-level travel time spent in this place.
 C = Inter-level travel time spent in this place.
 D = Time resting spent in this place.
 E = Time spent auto-exploring this place.
 F = Levels seen in this place.
 G = Mean time per level.
                   A        B        C        D        E       F      G
               +--------+--------+--------+--------+--------+-----+--------+
         Total |   2517 |   2463 |     54 |      3 |   2053 |   4 |  629.2 |
       Dungeon |   2517 |   2463 |     54 |      3 |   2053 |   4 |  629.2 |
               +--------+--------+--------+--------+--------+-----+--------+

Top non-repeatable levels by time:
     D:1: 1021 daAuts
     D:2: 976 daAuts
     D:3: 448 daAuts
     D:4: 71 daAuts
